AoeStats
← howdydo12

Arabia

515354929Analyzed
1v1 RM · 16d ago on Oct 21, 2026· 34m 14s· 2 players
Game mode
Random Map
Map size
Tiny (2 player)
Population
200
Speed
Normal
Resources
Standard
Victory
Conquest
Starting age
Dark Age
Ending age
Imperial Age
RankedLock teamsTeams togetherTeam positionsShared explorationLock speedFull tech treeHidden civsTurbo modeCheats
Victory
Defeat
🇵🇱 Saracens · Poland
620
+13
vs
🇺🇸 Ethiopians · United States
554
-21
GravyBoatB
0:30 Loom
11:26 Feudal Age
16:32 Wheelbarrow
16:46 Double-Bit Axe
20:03 Gold Mining
19:42 Man-at-Arms
30:50 Padded Archer Armor
30:54 Scale Mail Armor
howdydo12
6:20 Loom
11:08 Feudal Age
12:09 Double-Bit Axe
15:40 Horse Collar
18:26 Fletching
19:10 Gold Mining
23:17 Castle Age
22:26 Wheelbarrow
22:12 Padded Archer Armor
23:21 Crossbowman
26:05 Bodkin Arrow
27:19 Bow Saw
33:06 Leather Archer Armor
34:58 Thumb Ring
Connection lost

Rejoining the realm…

Still unreachable

The connection could not be restored.

Session expired

The server has moved on; the page needs a fresh start.